 Dungeon Crawl Stone Soup version 0.18-a0-1354-gbc5753f (webtiles) character file.

32 gorblad the Sneak (level 3, -1/18 HPs)
             Began as a Spriggan Assassin on Feb 20, 2016.
             Slain by a gnoll
             ... wielding a +0 whip
              (3 damage)
             ... on level 2 of the Dungeon.
             The game lasted 00:02:50 (1132 turns).

gorblad the Sneak (Spriggan Assassin)               Turns: 1132, Time: 00:02:50

Health: -1/18      AC:  3    Str:  7    XL:     3   Next: 10%
Magic:  4/4        EV: 19    Int: 12    God:
Gold:   25         SH:  0    Dex: 18    Spells: 0 memorised, 2 levels left

rFire  + . .     SeeInvis +     m - +2 dagger (speed)
rCold  + . .     Gourm    .     c - +0 robe
rNeg   . . .     Faith    .     (shield restricted)
rPois  +         Spirit   .     (helmet restricted)
rElec  +         Dismiss  .     d - +0 cloak
rCorr  +         Reflect  .     (gloves unavailable)
SustAt .         Harm     +     (boots unavailable)
MR     .....                    k - amulet of harm
Stlth  ++++......               (no ring)
                                (no ring)

@: resistant, very quick, not resistant to hostile enchantments, stealthy
A: unfitting armour, see invisible, herbivore 3, speed 3, slow metabolism 2
a: no special abilities


You were on level 2 of the Dungeon.
You were not hungry.

You visited 1 branch of the dungeon, and saw 2 of its levels.

You collected 25 gold pieces.

Inventory:

Hand Weapons
 a - a +2 dagger
 b - a +0 blowgun
 m - a +2 dagger of speed (weapon)
Missiles
 e - 8 poisoned needles
 f - 2 curare-tipped needles
Armour
 c - a +0 robe (worn)
 d - a +0 cloak (worn)
Jewellery
 i - an uncursed ring of fire {unknown}
 k - an amulet of harm (around neck)
 l - a cursed ring of loudness {unknown}
Scrolls
 q - a scroll of recharging {unknown}
 r - a scroll of enchant armour {unknown}
Potions
 h - a potion of might {unknown}
 j - a potion of resistance
 o - a potion of mutation {unknown}
 p - a potion of curing {unknown}
Comestibles
 g - 4 bread rations
 n - a slice of pizza


   Skills:
 - Level 1.5 Fighting
 + Level 2.6 Short Blades
 - Level 2.0 Throwing
 * Level 3.8 Dodging
 * Level 6.0 Stealth


You had 2 spell levels left.
You didn't know any spells.

Dungeon Overview and Level Annotations

Branches:
Dungeon (2/15)

Altars:


Innate Abilities, Weirdness & Mutations

You are tiny and cannot use many weapons and most armour.
You have supernaturally acute eyesight.
You are an herbivore.
You cover ground extremely quickly.
You need consume almost no food.


Message History

The gnoll is heavily wounded.
The gnoll hits you with a club!
You barely miss the gnoll.
The gnoll is heavily wounded.
You closely miss the gnoll.
The gnoll is heavily wounded.
The gnoll completely misses you. The gnoll hits you with a club.
* * * LOW HITPOINT WARNING * * *
You are too injured to fight recklessly!
Drink which item? (? for menu, Esc to quit)
It was a potion of resistance.
You feel protected. The gnoll hits you with a whip.
* * * LOW HITPOINT WARNING * * *
The gnoll completely misses you.
You hit the gnoll but do no damage. You hit the gnoll.
The gnoll is lightly wounded.
The gnoll hits you with a whip.
You die...

#.##..#.## .. .#
#.###.#.# .. ...
#.###.#.# #. ##.# #
#<......# ... ..#
.# ####...##
#.##.##.# #...#
..g....# #...###
#gg.# ######...##.
#@..###...........
###...).........>..
#..)...#...........
#.#.##.#####.......
#.#.##.# #%...#.. #
#.##.# #....#.#
#.##.# #....#.#
#.##.# #......#
.....# ######.#


You could see 3 gnolls.

Vanquished Creatures
  A giant gecko (D:1)
  5 bats
  A giant cockroach (D:2)
  7 goblins
  3 hobgoblins
  2 jackals (D:2)
  4 kobolds
  A quokka (D:2)
  A ball python (D:1)
  2 giant newts (D:1)
  2 rats
29 creatures vanquished.

Notes
Turn   | Place    | Note
--------------------------------------------------------------
     0 | D:1      | gorblad the Spriggan Assassin began the quest for the Orb.
     0 | D:1      | Reached XP level 1. HP: 10/10 MP: 2/2
   124 | D:1      | Reached skill level 6 in Stealth
   146 | D:1      | Reached XP level 2. HP: 11/14 MP: 3/3
  1074 | D:2      | Reached XP level 3. HP: 14/18 MP: 4/4
  1132 | D:2      | Slain by a gnoll

Vault maps used:
D:1:      onia_arrival_pyramid, hangedman_abyss_or_decor_stabs, st_stairs_12,
          roderic_curled_sauvastika, hex_large, roderic_roman_lattice,
          minmay_statues_item, minmay_misc_feat_chi, kennysheep_crisscross,
          corexii_leaking_fountain
D:2:      minmay_overflow_temple_star_quad

Action                   || total
-------------------------++-------
Melee: Dagger            ||    83
  Use: Scroll            ||     5
       Potion            ||     1
 Stab: Sleeping          ||    10
